 Dungeon Crawl Stone Soup version 0.19.4 (webtiles) character file.

11529 Ragdoll the Basher (level 11, -14/87 HPs)
             Began as a Mummy Chaos Knight on Feb 4, 2017.
             Killed from afar by an orc sorcerer (43 damage)
             ... with a bolt of fire
             ... led by an orc warlord
             ... on level 2 of the Orcish Mines.
             The game lasted 01:01:05 (14101 turns).

Ragdoll the Basher (Mummy Chaos Knight)            Turns: 14101, Time: 01:01:05

Health: -14/87     AC: 23    Str: 19    XL:     11   Next: 50%
Magic:  17/17      EV:  3    Int: 12    God:    Xom [.*....]
Gold:   1588       SH:  7    Dex: 11    Spells: 0 memorised, 10 levels left

rFire  x . .     SeeInvis .     a - +1 mace (chaos)
rCold  + . .     Gourm    .     k - +1 plate armour
rNeg   + + +     Faith    +     K - +0 shield
rPois  ∞         Spirit   .     p - +1 helmet
rElec  .         Reflect  .     (no cloak)
rCorr  .         Harm     .     n - +0 pair of gloves
MR     ++...                    L - +0 pair of boots {Fly}
Stlth  ..........               f - amulet of faith
                                q - +5 ring of protection
                                j - ring of protection from magic

@: about to teleport, flying, very slightly contaminated
A: no food or potions, fire vulnerability, cold resistance 1, negative energy
resistance 3, torment resistance, unbreathing
a: Renounce Religion, Stop Flying


You were on level 2 of the Orcish Mines.
You worshipped Xom.
You were a plaything of Xom.
You were not hungry.

You visited 3 branches of the dungeon, and saw 12 of its levels.

You collected 1588 gold pieces.

Inventory:

Hand Weapons
 a - a +1 mace of chaos (weapon)
 b - a +0 blowgun
 l - a cursed -1 flail
 v - a +1 whip of freezing
 G - a +0 dagger of pain
Missiles
 D - 32 poisoned needles
Armour
 k - a +1 plate armour (worn)
 n - a +0 pair of gloves (worn)
 p - a +1 helmet (worn)
 x - a +0 scale mail
 B - a +0 pair of boots
 H - a +2 leather armour
 K - a +0 shield (worn)
 L - a +0 pair of boots of flying (worn)
Jewellery
 d - an uncursed amulet of guardian spirit
 f - an amulet of faith (around neck)
 j - a ring of protection from magic (left hand)
 q - a +5 ring of protection (right hand)
 w - an uncursed ring of magical power
 A - an uncursed ring of stealth
 I - an uncursed ring of stealth
Wands
 o - a wand of heal wounds (3/9)
 s - a wand of teleportation (5/9)
 t - a wand of teleportation (0/9)
 u - a wand of teleportation (3/9)
 z - a wand of enslavement (8/24)
 E - a wand of iceblast (0/15)
Scrolls
 c - 7 scrolls of identify
 g - 3 scrolls of noise
 h - 2 scrolls of enchant weapon
 i - 5 scrolls of enchant armour
 r - a scroll of magic mapping
 y - 2 scrolls of recharging
 C - 2 scrolls of fog {unknown}
 F - 4 scrolls of remove curse
 M - a scroll of blinking {unknown}
Books
 e - a book of Changes

   Spells                             Type                      Level
   a - Beastly Appendage              Transmutation                1
   b - Sticks to Snakes               Transmutation                2
   c - Spider Form                    Transmutation/Poison         3
   d - Ice Form                       Ice/Transmutation            4
   e - Blade Hands                    Transmutation                5
 m - a book of Misfortune

   Spells                             Type                      Level
   a - Confusing Touch                Hexes                        1
   b - Confuse                        Hexes                        3
   c - Gell's Gravitas                Hexes/Translocation          3
   d - Petrify                        Transmutation/Earth          4
   e - Metabolic Englaciation         Hexes/Ice                    5
   f - Yara's Violent Unravelling     Hexes/Transmutation          5
 J - a book of Callings

   Spells                             Type                      Level
   a - Summon Small Mammal            Summoning                    1
   b - Call Imp                       Summoning                    2
   c - Call Canine Familiar           Summoning                    3
   d - Summon Guardian Golem          Hexes/Summoning              3
   e - Summon Lightning Spire         Summoning/Air                4
   f - Summon Ice Beast               Ice/Summoning                4


   Skills:
 + Level 8.7 Fighting
 * Level 9.9 Maces & Flails
 + Level 6.3 Armour
 - Level 0.7 Dodging
 * Level 8.1 Evocations


You had 10 spell levels left.
You didn't know any spells.

Dungeon Overview and Level Annotations

Branches:
Dungeon (9/15)             Temple (0/1) D:4            Lair (1/6) D:8
    Orc (2/2) D:9             Elf (0/3) Orc:2

Altars:
Dithmenos
Fedhas
Gozag
Kikubaaqudgha
Qazlal
Ru
Sif Muna
Uskayaw
Vehumet
Xom
Yredelemnul
The Shining One

Shops:
D:8 }[%*:   Orc:1 }

Annotations:
D:9 a frigging frost giant


Innate Abilities, Weirdness & Mutations

You do not eat or drink.
Your flesh is vulnerable to fire.
You are immune to poison.
Your flesh is cold resistant. (rC+)
You are immune to negative energy. (rN+++)
You are immune to unholy pain and torment.
You can survive without breathing.


Message History

As you read the scroll of teleportation, it crumbles to dust.
You feel strangely unstable.
The orc warrior shouts!
The orc warrior is no longer unusually resistant.
The orc warrior hits you from afar with a halberd!
The ice devil hits you but does no damage.
The orc sorcerer mumbles some strange words.
The orc warrior shouts!
Xom's power touches on a nearby monster.
The red devil is charmed.
The orc priest barely misses you. The orc barely misses you.
The red devil hits you but does no damage.
The orc sorcerer gestures at you while chanting.
The bolt of fire hits your red devil.
Your red devil completely resists.
The bolt of fire hits the red devil.
The red devil completely resists.
The bolt of fire hits you! The fire burns you terribly!
Xom roars with laughter!
You die...
Xom giggles madly!

##............#.## ###
##4.).........###.##
##..##.........##...#
#)4###........##...##
#..###........###..##
#.o###.##.#.o.###...
#oo###....#....# ##.#
...###......oo..## #.
...###.......Mo...##..
..###..#...#..4...o#..
.###......#.o4.........
##........#.4..........
#..........oo.#..#.#.##
#...............##...##
#................##...##
##.............o.........
#..................#....#
.


You could see an orc warlord (confused), an orc knight, an ice devil, an orc
sorcerer, a red devil, 3 orc warriors, an orc priest, an orc wizard, an orc and
a friendly red devil (confused).

Vanquished Creatures
  A fire crab (shapeshifter) (D:8)
  Pikel (D:5)
  A komodo dragon (Lair:1)
  2 hornets
  A two-headed ogre (shapeshifter) (D:7)
  A hippogriff (D:8)
  The ghost of Agrougrou the Conjurer, an amateur DECj of Sif Muna (D:4)
  2 yaks (Lair:1)
  A basilisk (Lair:1)
  A warg (Orc:2)
  11 soldier ants
  A water moccasin (D:8)
  12 orc warriors
  A porcupine (D:5)
  A swamp drake (D:9)
  3 sky beasts (D:9)
  3 phantoms
  An ice beast (D:6)
  6 ogres
  6 centaurs
  3 crocodiles
  2 big kobolds
  3 bullfrogs
  A wyvern zombie (D:6)
  A gnoll sergeant (D:9)
  3 scorpions
  4 killer bees (D:8)
  A wight (Orc:1)
  5 howler monkeys
  A crimson imp (D:8)
  A quasit (D:7)
  2 centaur zombies (D:9)
  A jelly (Orc:2)
  16 orc priests
  A gnoll shaman (D:8)
  3 hounds
  16 orc wizards
  Ijyb (D:3)
  Terence (D:3)
  2 iguanas
  20 worker ants
  A hound skeleton (D:9)
  3 worker ant zombies
  Robin (D:3)
  14 gnolls
  10 adders
  A river rat (D:8)
  2 shadow imps (D:8)
  An adder zombie (D:5)
  2 oozes
  2 adder skeletons (D:5)
  10 dart slugs
  3 leopard geckos
  67 orcs
  A ball python (D:3)
  12 bats
  6 giant cockroaches
  11 hobgoblins
  2 jackals (D:2)
  16 kobolds
  7 quokkas
  4 frilled lizards
  15 goblins
  3 jackal skeletons
  A jackal zombie (D:7)
  A leopard gecko zombie (D:5)
  2 quokka skeletons (D:3)
  16 rats
  A plant (D:8)
360 creatures vanquished.

Vanquished Creatures (collateral kills)
  Nergalle (Orc:1)
  A soldier ant (D:9)
  3 orc warriors
  An ice beast (D:7)
  3 ogres
  A bullfrog (D:8)
  A killer bee (D:8)
  A jelly (Orc:2)
  2 worker ants (D:9)
  2 orc wizards (Orc:2)
  A gnoll (D:6)
  2 river rats (D:8)
  A shadow imp (D:9)
  4 orcs
  A bat (D:8)
  A rat (D:8)
26 creatures vanquished.

Vanquished Creatures (others)
  2 ball lightnings (Lair:1)
  A troll (Orc:2)
  A soldier ant (D:9)
  2 slaves (D:5)
  A killer bee (D:8)
  An iguana (D:5)
  A shadow imp (D:5)
  A dart slug (D:5)
  An orc (Orc:2)
  13 fungi (D:8)
  2 plants (D:8)
26 creatures vanquished.

Grand Total: 412 creatures vanquished

Notes
Turn   | Place    | Note
-------+----------+-------------------------------------------
     0 | D:1      | Ragdoll the Mummy Chaos Knight began the quest for the Orb.
     0 | D:1      | Reached XP level 1. HP: 18/18 MP: 1/1
    72 | D:1      | XOM: harmless Conj miscast
   149 | D:1      | Reached XP level 2. HP: 24/24 MP: 2/2
   268 | D:1      | Reached skill level 3 in Maces & Flails
   524 | D:1      | XOM: harmless Conj miscast
   895 | D:2      | XOM: harmless Ice miscast
   939 | D:2      | Reached XP level 3. HP: 21/29 MP: 3/3
  1028 | D:2      | XOM: divination: magic mapping
  1096 | D:2      | XOM: 10-stop teleportation journey
  1522 | D:3      | XOM: blink monster(s)
  1723 | D:3      | Noticed Robin
  1777 | D:2      | Reached XP level 4. HP: 18/35 MP: 4/4
  2043 | D:3      | Killed Robin
  2060 | D:3      | Noticed Ijyb
  2066 | D:3      | XOM: blink monster(s)
  2067 | D:3      | XOM: 1-stop teleportation journey
  2069 | D:3      | XOM: confusion
  2070 | D:3      | XOM: cast spell 'Olgreb's Toxic Radiance'
  2074 | D:3      | Reached skill level 4 in Maces & Flails
  2157 | D:3      | Killed Ijyb
  2157 | D:3      | Reached XP level 5. HP: 41/41 MP: 5/5
  2264 | D:3      | Noticed Terence
  2276 | D:3      | Killed Terence
  2356 | D:3      | XOM: medium Tloc miscast
  2423 | D:3      | Found a shadowy altar of Dithmenos.
  2664 | D:4      | Noticed a phantom
  2698 | D:4      | Killed a phantom
  2698 | D:4      | Reached XP level 6. HP: 46/48 MP: 6/6
  2766 | D:4      | Noticed Agrougrou's ghost (amateur DECj)
  2790 | D:4      | Killed Agrougrou's ghost
  2790 | D:4      | Reached skill level 5 in Maces & Flails
  3145 | D:4      | XOM: stat loss: -1 Dex (10/11)
  3238 | D:4      | XOM: medium Erth miscast
  3279 | D:4      | Found a staircase to the Ecumenical Temple.
  3347 | D:4      | XOM: harmless Hex miscast
  3363 | D:4      | XOM: mild Air miscast
  3437 | D:4      | Found a glowing golden altar of the Shining One.
  3514 | D:4      | Reached XP level 7. HP: 55/55 MP: 7/7
  3789 | D:5      | Entered Level 5 of the Dungeon
  3871 | D:5      | Found a basalt altar of Yredelemnul.
  3873 | D:5      | Noticed a profane servitor
  3884 | D:5      | Found a glowing golden altar of the Shining One.
  3886 | D:5      | Noticed an angel
  3980 | D:5      | XOM: polymorph dart slug -> frilled lizard
  4061 | D:5      | XOM: divination: detect creatures
  4089 | D:5      | Noticed Pikel
  4107 | D:5      | XOM: enchant monster (bad)
  4109 | D:5      | XOM: confuse monster(s)
  4112 | D:5      | Killed Pikel
  4112 | D:5      | Reached skill level 5 in Fighting
  4112 | D:5      | Reached skill level 6 in Maces & Flails
  4112 | D:5      | Reached XP level 8. HP: 45/62 MP: 7/9
  4117 | D:5      | XOM: enchant monster (bad)
  4140 | D:5      | XOM: chaos cloud
  4150 | D:5      | XOM: mild Necr miscast
  4275 | D:5      | XOM: harmless Tmut miscast
  4396 | D:5      | XOM: harmless Erth miscast
  4544 | D:5      | XOM: polymorph hound -> porcupine
  4549 | D:5      | XOM: medium Fire miscast
  4715 | D:6      | XOM: noise
  4728 | D:6      | XOM: divination: detect items
  4775 | D:6      | Found a blossoming altar of Fedhas.
  4829 | D:6      | XOM: scenery: create altars
  4850 | D:6      | XOM: summons friendly white imp
  4876 | D:6      | XOM: god gift: jewelled iron wand {god gift}
  4898 | D:6      | XOM: scenery: create altars
  4926 | D:6      | XOM: 2-stop teleportation journey
  4927 | D:6      | XOM: scenery: create altars
  5039 | D:6      | Reached skill level 7 in Maces & Flails
  5039 | D:6      | XOM: god gift: fuming pink potion {god gift}
  5057 | D:6      | XOM: polymorph giant cockroach -> adder
  5114 | D:6      | Found an ancient bone altar of Kikubaaqudgha.
  5115 | D:6      | Found a hide-covered altar of Uskayaw.
  5124 | D:6      | XOM: smoke on damage
  5145 | D:6      | Reached XP level 9. HP: 47/69 MP: 12/12
  5416 | D:7      | XOM: divination: detect creatures
  5430 | D:7      | XOM: blink monster(s)
  5442 | D:7      | XOM: summons 4 friendly demons
  5795 | D:7      | XOM: 1-stop teleportation journey
  5933 | D:7      | XOM: mild Hex miscast
  6001 | D:7      | XOM: divination: detect creatures
  6142 | D:8      | Found Ihideili's Gadget Shoppe.
  6150 | D:8      | Found Coixeegred's Book Shoppe.
  6162 | D:8      | Found Dotzarphe's Antique Armour Emporium.
  6166 | D:8      | Found Wigedoc's Food Emporium.
  6174 | D:8      | XOM: potion effect (brilliance)
  6197 | D:8      | Reached skill level 5 in Evocations
  6337 | D:8      | XOM: potion effect (curing)
  6402 | D:8      | XOM: harmless Erth miscast
  6439 | D:8      | XOM: potion effect (brilliance)
  6444 | D:8      | Reached skill level 5 in Armour
  6447 | D:8      | XOM: potion effect (brilliance)
  6536 | D:8      | XOM: silly message
  6751 | D:8      | XOM: cast spell 'Summon Small Mammal'
  6760 | D:8      | Reached skill level 8 in Maces & Flails
  6766 | D:8      | XOM: enchant monster (good)
  6767 | D:8      | XOM: enchant monster (bad)
  6770 | D:8      | XOM: blink monster(s)
  6783 | D:8      | XOM: noise
  6834 | D:8      | Reached XP level 10. HP: 60/79 MP: 14/14
  6900 | D:8      | XOM: swap monsters
  6906 | D:8      | XOM: summons 1 hostile demon
  7053 | D:8      | XOM: harmless Summ miscast
  7437 | D:8      | Found Ehiamof's General Store.
  7437 | D:8      | XOM: polymorph crimson imp -> shadow imp
  7508 | D:8      | Found an opulent altar of Gozag.
  7566 | D:8      | XOM: harmless Conj miscast
  7585 | D:8      | Noticed a fire crab
  7586 | D:8      | Found a staircase to the Lair.
  7590 | D:8      | XOM: smoke on damage
  7592 | D:8      | Killed a fire crab
  7910 | D:8      | Found a shimmering altar of Xom.
  7910 | D:8      | Found a sacrificial altar of Ru.
  8178 | D:8      | XOM: severe Ice miscast
  8227 | D:9      | XOM: summons 10 friendly demons
  8242 | D:9      | XOM: enchant monster (good)
  8244 | D:9      | XOM: summons 10 friendly demons
  8647 | D:9      | XOM: divination: magic mapping
  8736 | D:9      | XOM: mild Chrm miscast
  8743 | D:9      | XOM: potion effect (haste)
  8816 | D:9      | XOM: divination: detect creatures
  8862 | D:9      | XOM: divination: detect items
  8916 | D:9      | Found a staircase to the Orcish Mines.
  8937 | D:9      | XOM: cast spell 'Summon Ice Beast'
  8999 | D:9      | XOM: mild Erth miscast
  9056 | D:9      | Found a deep blue altar of Sif Muna.
  9374 | D:9      | XOM: noise
  9452 | D:9      | Reached skill level 9 in Maces & Flails
  9514 | D:9      | Found a radiant altar of Vehumet.
  9514 | D:9      | Found a stormy altar of Qazlal.
  9544 | D:9      | XOM: cleaving
  9557 | D:9      | XOM: summons 3 friendly demons
  9566 | D:9      | XOM: enchant monster (good)
  9597 | D:9      | XOM: cast spell 'Shadow Creatures'
  9607 | D:9      | XOM: cast spell 'Metabolic Englaciation'
  9613 | D:9      | XOM: destruction
  9651 | D:9      | XOM: polymorph iguana -> swamp drake
  9745 | D:9      | XOM: noise
  9904 | D:9      | XOM: fake destruction
  9911 | D:9      | XOM: summons friendly chaos spawn
  9972 | D:9      | Noticed a queen ant
  9974 | D:9      | XOM: summons friendly chaos spawn
  9980 | D:9      | XOM: enchant monster (good)
  9989 | D:9      | Noticed a frost giant
  9989 | D:9      | a queen ant changed into a frost giant
  9989 | D:9      | XOM: polymorph queen ant -> frost giant
 10307 | D:9      | Reached XP level 11. HP: 62/86 MP: 16/16
 10389 | D:8      | XOM: god gift: pair of embroidered boots {god gift}
 10417 | Lair:1   | Entered Level 1 of the Lair of Beasts
 10438 | Lair:1   | XOM: divination: magic mapping
 10497 | Lair:1   | XOM: cast spell 'Conjure Ball Lightning'
 10735 | D:8      | XOM: harmless Hex miscast
 10884 | Orc:1    | Entered Level 1 of the Orcish Mines
 10955 | Orc:1    | XOM: polymorph orc warrior -> ooze
 11131 | Orc:1    | Noticed Nergalle
 11148 | Orc:1    | Killed Nergalle
 11153 | Orc:1    | Found Kahuafis's Gadget Shoppe.
 11391 | Orc:2    | Entered Level 2 of the Orcish Mines
 11391 | Orc:2    | Found a staircase to the Elven Halls.
 11423 | Orc:2    | XOM: swap monsters
 11425 | Orc:2    | XOM: repel stairs
 11771 | Orc:2    | XOM: chaos upgrade
 11773 | Orc:2    | XOM: noise
 11780 | Orc:1    | XOM: enchant monster (bad)
 11781 | Orc:1    | XOM: summons friendly shadow imp
 11812 | Orc:1    | XOM: summons 2 hostile demons
 11823 | Orc:1    | XOM: swap monsters
 12302 | Orc:1    | XOM: mild Ice miscast
 12446 | Orc:2    | XOM: 1-stop teleportation journey
 12579 | Orc:2    | XOM: mild Necr miscast
 12897 | Orc:2    | XOM: polymorph orc -> bat
 12961 | Orc:2    | XOM: 3-stop teleportation journey
 13077 | Orc:2    | XOM: enchant monster (good)
 13150 | Orc:2    | XOM: polymorph orc warrior -> centaur
 13152 | Orc:2    | XOM: polymorph centaur -> jelly
 13352 | Orc:2    | XOM: summons 1 hostile demon
 13391 | Orc:2    | XOM: polymorph orc warrior -> jelly
 13396 | Orc:1    | XOM: potion effect (might)
 13400 | Orc:2    | XOM: scenery: create altars
 13401 | Orc:2    | XOM: enchant monster (good)
 13586 | Orc:1    | XOM: polymorph ogre -> mottled dragon
 13991 | Orc:2    | XOM: 1-stop teleportation journey
 14016 | Orc:2    | XOM: scenery: create altars
 14043 | Orc:2    | XOM: potion effect (curing)
 14054 | Orc:2    | XOM: harmless Hex miscast
 14060 | Orc:2    | XOM: potion effect (invisibility)
 14068 | Orc:2    | Noticed an orc knight
 14071 | Orc:2    | XOM: potion effect (curing)
 14073 | Orc:2    | XOM: enchant monster (bad)
 14075 | Orc:2    | XOM: blink monster(s)
 14090 | Orc:2    | Noticed an orc warlord
 14092 | Orc:2    | Noticed an orc sorcerer
 14099 | Orc:2    | XOM: swap monsters
 14101 | Orc:2    | XOM: enchant monster (good)
 14101 | Orc:2    | Killed from afar by an orc sorcerer

Skill      XL: |  1  2  3  4  5  6  7  8  9 10 11 |
---------------+----------------------------------+-----
Maces & Flails | 3 4 5 6 7 8 9 |  9.9
Armour         | 2 3 4 5 6 |  6.3
Fighting       | 4 5 7 8 |  8.7
Evocations     | 2 4 5 7 8 |  8.1
Dodging        | |  0.7

Action                   |  1- 3 |  4- 6 |  7- 9 | 10-12 || total
-------------------------+-------+-------+-------+-------++-------
Melee: Mace              |    94 |   193 |   532 |   978 ||  1797
Evoke: Wand              |       |       |     4 |     9 ||    13
  Use: Scroll            |       |    11 |     2 |     4 ||    17
 Stab: Confused          |     1 |       |     1 |     1 ||     3
       Petrified         |       |     6 |    10 |    29 ||    45
       Petrifying        |       |     1 |       |     5 ||     6
       Paralysed         |       |     1 |     2 |    10 ||    13
       Distracted        |       |       |     2 |     3 ||     5
       Invisible         |       |       |       |     3 ||     3
Armor: Leather armour    |    24 |       |       |       ||    24
       Plate armour      |    38 |   163 |   397 |   733 ||  1331
       Scale mail        |       |       |    75 |       ||    75
Dodge: Dodged            |    50 |    50 |   204 |   153 ||   457
Block: Shield            |       |       |       |   196 ||   196
